 Dungeon Sprint DCSS version 0.30-a0-528-g8c47a4955b (webtiles) character file.

Game seed: 2463703690360751690

2 rocky1 the Cudgeller (level 1, 0/16 HPs)
             Began as a Demonspawn Gladiator on Dec 24, 2022.
             Slain by a rat (1 damage)
             ... in the Dungeon (Sprint III: "The Ten Rune Challenge").
             The game lasted 00:00:14 (33 turns).

rocky1 the Cudgeller (Demonspawn Gladiator)           Turns: 33, Time: 00:00:14

Health: 0/16       AC:  4    Str: 14    XL:     1   Next: 25%
Magic:  1/1        EV: 12    Int:  9    God:
Gold:   0          SH:  0    Dex: 14    Spells: 0/0 levels left

rFire   . . .      SeeInvis .    a - +0 flail
rCold   . . .      Faith    .    (no shield)
rNeg    . . .      Spirit   .    b - +0 leather armour
rPois   .          Reflect  .    c - +0 helmet
rElec   .          Harm     .    (no cloak)
rCorr   .          Rampage  .    (no gloves)
Will    .....      NoTele   +    (no boots)
Stlth   +                        (no amulet)
HPRegen 0.22/turn                (no ring)
MPRegen 0.07/turn                (no ring)

@: no status effects
A: no striking features
a: no special abilities


You were in the Dungeon.
You visited 1 branch

Inventory:

Hand Weapons
 a - a +0 flail (weapon)
Missiles
 d - 3 throwing nets (quivered)
 e - a javelin
Armour
 b - a +0 leather armour (worn)
 c - a +0 helmet (worn)
Scrolls
 k - a scroll of blinking
Potions
 f - a potion of curing
 g - a potion of heal wounds
 h - a potion of haste
 i - 2 potions of magic
 j - a potion of berserk rage
 l - 2 potions of mutation {unknown}


   Skills:
 - Level 2.0 Fighting
 + Level 3.5 Maces & Flails
 - Level 1.7 Throwing
 - Level 2.6 Dodging


You couldn't memorise any spells.
You didn't know any spells.
Your spell library was empty.

Dungeon Overview and Level Annotations

Branches:
Dungeon (1/1)

Altars:

Annotations:
D Jessica


Message History

The rat barely misses you.
You closely miss the rat. The rat bites you.
You completely miss the rat. The rat bites you.
You closely miss the rat. The rat barely misses you. x2
You barely miss the rat. The rat barely misses you.
You hit the rat.
You kill the rat!
There is an open door, spattered with blood here.
You see here a rat corpse.
l - 2 blue potions You start resting.
HP restored.
You open the door.
A rat comes into view.
Jessica the Apprentice Sorceress comes into view.
She is wielding a +0 club.
Found 8 gold pieces.
Jessica shouts!
The rat closely misses you.
There is an open door here.
You hit the rat.
The rat is heavily wounded.
The rat bites you but does no damage.
You closely miss Jessica. The rat barely misses you. Jessica misses you.
Jessica barely misses you. The rat barely misses you.
You closely miss Jessica. The rat barely misses you.
Jessica hits you with a +0 club.
You closely miss Jessica. Your punch misses Jessica.
The rat bites you but does no damage. Jessica hits you with a +0 club.
You hit Jessica.
Jessica is severely wounded.
The rat bites you. Jessica barely misses you.
You hit Jessica but do no damage.
Jessica is severely wounded.
The rat closely misses you. Jessica misses you. The rat closely misses you.
Jessica hits you with a +0 club!
* * * LOW HITPOINT WARNING * * *
You closely miss Jessica.
Jessica is severely wounded.
The rat bites you.
You die...

▓▓▓▓
▓<.#
▓..#
▓#†####
▓.....#
▓.....#
▓.....#
▓####@#
▓$..@r#
▓.....#
▓.....#
▓+#####


You could see Jessica and a rat.

Vanquished Creatures
  An endoplasm (D)
  A rat (D)
2 creatures vanquished.

Notes
Turn   | Place    | Note
-------+----------+-------------------------------------------
     0 | D        | rocky1 the Demonspawn Gladiator began the quest for the
                  | Orb.
     0 | D        | Reached XP level 1. HP: 16/16 MP: 1/1
     5 | D        | Reached skill level 3 in Maces & Flails
    26 | D        | Noticed Jessica
    33 | D        | Slain by a rat

Illustrated notes

Levels and vault maps discovered:
D:        dungeon_sprint_mu [sprint_mu_entry_forest, sprint_mu_temple_rooms,
          sprint_mu_d1_horrors, sprint_mu_d2_genie, sprint_mu_d3_branching,
          sprint_mu_orc_legion, sprint_mu_elf_gauntlet, sprint_mu_hive_nellie,
          sprint_mu_lair_fedhas, sprint_mu_vaults_butterflies,
          sprint_mu_slime_circle, sprint_mu_shoals_archi,
          sprint_mu_snake_twists, sprint_mu_blade_basic, sprint_mu_crypt_lich,
          sprint_mu_tomb_spiral, sprint_mu_vestibule_basic,
          sprint_mu_gehenna_hellfire, sprint_mu_dis_giant,
          sprint_mu_tartarus_statrot, sprint_mu_cocytus_islands, sprint_mu_zot1]

Skill      XL: |  1 |
---------------+----+-----
Maces & Flails | 3 |  3.5
Fighting       | |  2.0
Throwing       | |  1.7
Dodging        | |  2.6

Action                   || total
-------------------------++-------
Melee: Flail             ||    16
Armor: Leather armour    ||     4
Dodge: Dodged            ||    15

Table legend: (Time is in decaauts)
 A = Elapsed time spent in this place.
 B = Non-inter-level travel time spent in this place.
 C = Inter-level travel time spent in this place.
 D = Time resting spent in this place.
 E = Time spent auto-exploring this place.
 F = Levels seen in this place.
 G = Mean time per level.
                   A        B        C        D        E       F      G
               +--------+--------+--------+--------+--------+-----+--------+
         Total |     37 |     37 |      0 |      4 |      1 |   1 |   37.0 |
       Dungeon |     37 |     37 |      0 |      4 |      1 |   1 |   37.0 |
               +--------+--------+--------+--------+--------+-----+--------+

Top non-repeatable levels by time:
       D: 37 daAuts
